 Dungeon Crawl Stone Soup version 0.26.1-2-gb8aa6d0cf2 (webtiles) character file.

Game seed: 7830640703915896732

214 Craboon the Chiller (level 6, -9/34 HPs)
             Began as a Kobold Ice Elementalist on Mar 2, 2021.
             Killed by divine providence
             ... invoked by an orc priest
              (11 damage)
             ... on level 3 of the Dungeon.
             The game lasted 00:13:11 (2281 turns).

Craboon the Chiller (Kobold Ice Elementalist)       Turns: 2281, Time: 00:13:12

Health: -9/34      AC:  6    Str:  5    XL:     6   Next: 15%
Magic:  10/12      EV: 17    Int: 18    God:
Gold:   184        SH:  0    Dex: 16    Spells: 12/13 levels left

rFire    . . .     SeeInvis .   p - +1 dagger (elec)
rCold    . . .     Faith    .   (shield restricted)
rNeg     . . .     Spirit   .   r - +0 robe {Will+}
rPois    .         Reflect  .   (no helmet)
rElec    .         Harm     .   (no cloak)
rCorr    .         Rampage  .   (no gloves)
Will     +....                  (no boots)
Stlth    ++++......             (no amulet)
HPRegen  0.11/turn              i - +4 ring of protection
MPRegen  0.13/turn              (no ring)

@: very slightly contaminated
A: small, nightstalker 3
a: no special abilities


You were on level 3 of the Dungeon.
You visited 1 branch of the dungeon, and saw 3 of its levels.

You collected 184 gold pieces.

Inventory:

Hand Weapons
 e - a +0 hunting sling
 l - a +0 dagger
 p - a +1 dagger of electrocution (weapon)
Missiles
 d - 4 curare-tipped darts
 f - 73 sling bullets
Armour
 a - a +0 robe
 r - a +0 robe of willpower (worn)
Jewellery
 i - a +4 ring of protection (left hand)
Scrolls
 k - a scroll of teleportation {unknown}
 m - 3 scrolls of identify {unknown}
 n - a scroll of fog {unknown}
 o - a scroll of immolation {unknown}
Potions
 b - a potion of curing {unknown}
 c - a potion of heal wounds {unknown}
 g - 2 potions of haste {unknown}
 h - 3 potions of flight {unknown}
 j - a potion of ambrosia {unknown}
 q - 2 potions of brilliance {unknown}


   Skills:
 + Level 1.4 Fighting
 + Level 2.9 Short Blades
 - Level 4.0 Dodging
 - Level 4.0 Stealth
 - Level 4.0 Spellcasting
 - Level 4.0 Ice Magic


You had 12 spell levels left.
You knew the following spells:

 Your Spells              Type           Power        Failure   Level
a - Freeze                Ice            72%          2%          1

Your spell library contained the following spells:

 Spells                   Type           Power        Failure   Level
 Frozen Ramparts          Ice            36%          9%          3
 Ozocubu's Armour         Ice            18%          9%          3
 Hailstorm                Conj/Ice       10%          54%         4
 Summon Ice Beast         Ice/Summ       10%          54%         4


Dungeon Overview and Level Annotations

Branches:
Dungeon (3/15)

Altars:


Innate Abilities, Weirdness & Mutations

You are small and have problems with some larger weapons.
You are completely attuned to the shadows.


Message History

The orc priest invokes the aid of Beogh against you.
Beogh smites you!
* * * LOW HITPOINT WARNING * * *
The orc misses you.
Unknown command.
Aiming: Freeze (safe; 2% risk of failure)
Press: ? - help, Q - select action, (/) - cycle Shift-Dir - straight line, f - orc
Aim: an orc, wielding a +0 club and wearing a +0 leather armour You miscast Freeze.
You are very lightly contaminated with residual magic.
Nothing appears to happen.
The orc barely misses you.
Aiming: Freeze (safe; 2% risk of failure)
Press: ? - help, Q - select action, (/) - cycle Shift-Dir - straight line, f/p - orc
Aim: an orc, wielding a +0 club and wearing a +0 leather armour You freeze the orc.
The orc is heavily wounded.
The orc priest mumbles some strange prayers to Beogh against you.
Beogh smites you!
You die...

#....#)####..#
........#####...
............>...+...
#.............#####
#.............#
#.............#
#.............#
#.....[.......#
.....o@.......#
...o.##########
.....# .....o#
.........#
.........#
..........#
..........#
..........# #.### ..


You could see an orc priest and an orc.

Vanquished Creatures
  Sigmund (D:2)
  An adder (D:3)
  4 orcs (D:3)
  2 ball pythons (D:1)
  10 bats
  2 giant cockroaches
  3 goblins
  7 hobgoblins
  5 kobolds
  8 rats
43 creatures vanquished.

Notes
Turn   | Place    | Note
-------+----------+-------------------------------------------
     0 | D:1      | Craboon the Kobold Ice Elementalist began the quest for the
                  | Orb.
     0 | D:1      | Reached XP level 1. HP: 10/10 MP: 3/3
   322 | D:1      | Reached XP level 2. HP: 13/15 MP: 3/5
   798 | D:1      | Reached XP level 3. HP: 18/19 MP: 4/6
  1610 | D:2      | Noticed Sigmund
  1623 | D:2      | Killed Sigmund
  1624 | D:2      | Reached skill level 1 in Fighting
  1624 | D:2      | Reached XP level 4. HP: 11/25 MP: 0/10
  1624 | D:2      | Reached XP level 5. HP: 12/29 MP: 0/11
  1624 | D:2      | Reached XP level 6. HP: 15/34 MP: 0/12
  2281 | D:3      | Killed from afar by an orc priest

Illustrated notes

Levels and vault maps discovered:
D:1:      dpeg_arrival_line_fractal, layout_loops_ring, minmay_box_of_dots
D:2:      layout_basic, uniq_sigmund
D:3:      gammafunk_wand_slinger, layout_basic, bloody_trog

Skill      XL: |  1  2  3 |
---------------+----------+-----
Stealth        | 3 4 |  4.0
Dodging        | 3 4 |  4.0
Spellcasting   | 4 |  4.0
Short Blades   | 2 |  2.9
Fighting       | 1 |  1.4
Ice Magic      | |  4.0

Action                   |  1- 3 |  4- 6 || total
-------------------------+-------+-------++-------
Melee: Unarmed           |     5 |       ||     5
       Dagger            |    12 |     3 ||    15
 Cast: Freeze            |    41 |    12 ||    53
 Stab: Sleeping          |     4 |     1 ||     5
Armor: Robe              |    20 |     3 ||    23
Dodge: Dodged            |    53 |    12 ||    65
